 Dungeon Crawl Stone Soup version 0.23-a0-54-gae6112e (webtiles) character file.

2324 GroovyGamera the Grappler (level 9, -5/141 HPs)
             Began as a Troll Monk on Aug 8, 2018.
             Slain by a harpy zombie (6 damage)
             ... on level 7 of the Dungeon.
             The game lasted 00:09:46 (3546 turns).

GroovyGamera the Grappler (Troll Monk)              Turns: 3546, Time: 00:09:47

Health: -5/141     AC: 24    Str: 21    XL:     9   Next: 19%
Magic:  8/8        EV:  1    Int:  6    God:
Gold:   294        SH:  0    Dex: 15    Spells: 8/8 levels left

rFire    . . .     SeeInvis .     - Unarmed
rCold    . . .     Gourm    +   (no shield)
rNeg     + + +     Faith    .   (armour currently unavailable)
rPois    +         Spirit   .   (helmet currently unavailable)
rElec    .         Reflect  .   (cloak currently unavailable)
rCorr    .         Harm     .   (gloves unavailable)
MR       .....     NoTele   +   (boots unavailable)
Stlth    ++........             m - amulet of magic regeneration
HPRegen  0.73/turn              p - +6 ring of evasion
MPRegen  0.36/turn              r - +3 ring of evasion

@: tree-form, very slightly contaminated
A: large, unfitting armour, fast metabolism 3, gourmand, regeneration 1
a: no special abilities


You were on level 7 of the Dungeon.
You were completely stuffed.
You were a tree.
You visited 1 branch of the dungeon, and saw 7 of its levels.

You collected 294 gold pieces.

Inventory:

Missiles
 v - 20 bolts
Armour
 a - a +0 robe (melded)
 t - a +2 cloak (melded)
 C - a +2 cloak of magic resistance
Jewellery
 m - an amulet of magic regeneration (around neck)
 p - a +6 ring of evasion (left branch)
 r - a +3 ring of evasion (right branch)
 y - an uncursed ring of wizardry {unknown}
 z - an uncursed ring of fire {unknown}
Wands
 D - a wand of iceblast (6)
Scrolls
 c - 4 scrolls of identify
 e - a scroll of enchant armour
 g - 2 scrolls of immolation
 l - 8 scrolls of remove curse
 n - a scroll of fear
 u - a scroll of teleportation
 w - a scroll of blinking
 A - a scroll of random uselessness {unknown}
 E - a scroll of fog {unknown}
Potions
 f - 4 potions of lignification
 h - a potion of cancellation
 i - 3 potions of brilliance
 j - a potion of flight
 k - 2 potions of heal wounds {unknown}
 o - 4 potions of curing
 q - a potion of ambrosia
 B - 2 potions of might {unknown}
Comestibles
 b - 12 rations
 x - 9 chunks of flesh


   Skills:
 + Level 7.7 Fighting
 - Level 2.4 Dodging
 - Level 1.0 Stealth
 + Level 9.2 Unarmed Combat


You had 8 spell levels left.
You didn't know any spells.
Your spell library was empty.

Dungeon Overview and Level Annotations

Branches:
Dungeon (7/15)             Temple (0/1) D:7

Altars:
Elyvilon
Makhleb
Nemelex Xobeh
Qazlal
Uskayaw
Xom

Shops:
D:5 ?


Innate Abilities, Weirdness & Mutations

You are too large for most types of armour.
((You have claws for hands.))
Your metabolism is lightning-fast.
You like to eat raw meat.
Your natural rate of healing is unusually fast.
((You are covered in fur. (AC +1)))
((You have very tough skin. (AC +2)))


Message History

* * * LOW HITPOINT WARNING * * *
The hellwing barely misses you. The hellwing misses you.
As you read the scroll of teleportation, it crumbles to dust.
You feel strangely unstable. The harpy zombie closely misses you. x2
The harpy zombie barely misses you. The harpy zombie claws you!
* * * LOW HITPOINT WARNING * * *
The centaur warrior zombie barely misses you.
A shadow imp comes into view.
The hellwing hits you but does no damage.
The hellwing closely misses you. The hellwing hits you!
* * * LOW HITPOINT WARNING * * *
The hellwing completely misses you.
It was a potion of lignification.
You turn into a tree.
Your +2 cloak melds into your body.
Your +0 robe melds into your body.
Your roots penetrate the ground.
You feel strangely stable.
The harpy zombie claws you but does no damage.
The harpy zombie claws you.
* * * LOW HITPOINT WARNING * * *
The harpy zombie claws you.
You die...

,***,* #..##.# **+** *,, **
*,* #?###.# *,* *,*
#.###.###.# *,*********,*
#.^..<....# *##*,,,,,,,,**,*
###.#.##.##
*#$#,,,*****,**,* #.#.##.#
*#.#,,,,,****,**,*
#,#.##.####.#**,,,**,,,,,,,*
*,#..<....4##***,,**,**,****
*,####.####♣#*,,,,,,,,,,*
*,* #.#*#4ZZ85....******
*,***#.##..Z55.....,**
*,,,,..#...Z.P5P.88,,*
*****###...........,,*
#.8.........,,*
******#.......$..P,,**
*,,,**.....P(∩5...,,,* * *
***,,,**,,,,8,,,,,,,,,,* *


You could see 2 hellwings, 5 shadow imps, a harpy zombie, 2 centaur warrior
zombies and a centaur warrior skeleton.

Vanquished Creatures
  Pikel (D:6)
  The ghost of edsrzf the Covert, a novice OpAs of Gozag (D:6)
  A centaur skeleton (D:7)
  Eustachio (D:4)
  Edmund (D:5)
  An ice beast (D:6)
  A phantom (D:4)
  An ogre (D:6)
  2 bullfrogs
  2 scorpions
  2 howler monkeys
  2 hounds
  A jelly (D:6)
  2 orc priests (D:6)
  An orc wizard (D:6)
  Crazy Yiuf (D:5)
  Terence (D:2)
  2 worker ants
  4 gnolls (D:6)
  2 adders
  A shadow imp (D:5)
  An ooze (D:6)
  2 worms
  A dart slug (D:1)
  3 leopard geckos
  10 orcs
  3 ball pythons (D:1)
  6 giant cockroaches
  3 goblins
  8 hobgoblins
  6 jackals
  8 kobolds
  A quokka (D:2)
  8 bats
  4 frilled lizards
  2 leopard gecko zombies
  A quokka skeleton (D:6)
  7 rats
105 creatures vanquished.

Notes
Turn   | Place    | Note
-------+----------+-------------------------------------------
     0 | D:1      | GroovyGamera the Troll Monk began the quest for the Orb.
     0 | D:1      | Reached XP level 1. HP: 22/22 MP: 0/0
   113 | D:1      | Reached XP level 2. HP: 22/29 MP: 1/1
   576 | D:1      | Reached XP level 3. HP: 20/37 MP: 2/2
   940 | D:2      | Noticed Terence
   972 | D:2      | Killed Terence
   972 | D:2      | Reached skill level 4 in Unarmed Combat
   972 | D:2      | Reached XP level 4. HP: 32/45 MP: 3/3
  1372 | D:2      | Found a shimmering altar of Xom.
  1372 | D:2      | Found a white marble altar of Elyvilon.
  1579 | D:3      | Found a stormy altar of Qazlal.
  1657 | D:3      | Found a hide-covered altar of Uskayaw.
  1968 | D:4      | Noticed Eustachio
  1981 | D:4      | Killed Eustachio
  1981 | D:4      | Reached skill level 5 in Unarmed Combat
  1981 | D:4      | Reached XP level 5. HP: 54/54 MP: 4/4
  1998 | D:4      | Found a burning altar of Makhleb.
  2081 | D:4      | Noticed a phantom
  2091 | D:4      | Killed a phantom
  2091 | D:4      | Reached XP level 6. HP: 58/63 MP: 5/5
  2099 | D:4      | Found a sparkling altar of Nemelex Xobeh.
  2357 | D:5      | Entered Level 5 of the Dungeon
  2419 | D:5      | Reached skill level 5 in Fighting
  2419 | D:5      | Reached skill level 6 in Unarmed Combat
  2419 | D:5      | Reached XP level 7. HP: 72/72 MP: 6/6
  2500 | D:5      | Noticed Edmund
  2510 | D:5      | Killed Edmund
  2529 | D:5      | Found Ypoa's Magic Scroll Shoppe.
  2724 | D:5      | Found a runed door.
  2728 | D:5      | Noticed Crazy Yiuf
  2732 | D:5      | Killed Crazy Yiuf
  3045 | D:6      | Reached skill level 7 in Unarmed Combat
  3102 | D:6      | Reached XP level 8. HP: 83/83 MP: 7/7
  3413 | D:6      | Noticed Pikel
  3425 | D:6      | Killed Pikel
  3425 | D:6      | Reached skill level 8 in Unarmed Combat
  3441 | D:6      | Noticed edsrzf's ghost (novice OpAs)
  3442 | D:6      | Found a large runed door.
  3442 | D:6      | Found a large runed door.
  3481 | D:6      | Killed edsrzf's ghost
  3481 | D:6      | Reached skill level 9 in Unarmed Combat
  3481 | D:6      | Reached XP level 9. HP: 88/93 MP: 8/8
  3529 | D:7      | Noticed a hellwing
  3530 | D:7      | Noticed a hellwing
  3545 | D:7      | HP: 1/94 [hellwing (11)]
  3546 | D:7      | Slain by a harpy zombie

Vault maps used:
D:1:      dpeg_arrival_tiny_f, st_stairs_5
D:2:      gammafunk_temple_overflow_wave, uniq_terence
D:3:      lemuel_crystal_altar, grunt_qazlal_sundering
D:4:      lemuel_doored_altar, nemelex_xobeh_ov_fountains_minmay, first_ration,
          uniq_eustachio
D:5:      serial_shops, shop_scrolls, uniq_crazy_yiuf_cottage, uniq_edmund
D:6:      ebering_ghost_disaster_area, uniq_pikel
D:7:      cheibrodos_grave_circle, temple_fountains, enter_ossuary_1, the_bakery

Skill      XL: |  1  2  3  4  5  6  7  8 |
---------------+-------------------------+-----
Fighting       | 3 4 5 6 7 |  7.7
Unarmed Combat | 4 5 6 7 9 |  9.2
Dodging        | |  2.4
Stealth        | |  1.0

Action                   |  1- 3 |  4- 6 |  7- 9 || total
-------------------------+-------+-------+-------++-------
Melee: Unarmed           |   123 |   100 |   129 ||   352
       Punch             |     2 |     4 |     6 ||    12
  Use: Scroll            |       |    12 |     4 ||    16
       Potion            |       |       |     2 ||     2
 Stab: Sleeping          |     2 |     1 |     2 ||     5
  Eat: Chunk             |    14 |    13 |    11 ||    38
Armor: Robe              |    60 |    27 |    27 ||   114
       Skin              |       |       |     1 ||     1
Dodge: Dodged            |    80 |    71 |   146 ||   297

Table legend:
 A = Spawn XP
 B = Non-spawn XP
 C = Spawn XP percentage of total XP
 D = Spawn monster count
 E = Non-spawn monster count
 F = Spawn count percentage of total count
 G = Total turns spent on level
                    A         B        C        D         E        F      G
               +---------+---------+-------+---------+---------+-------+---------
         Total |       0 |    3321 |   0.0 |       0 |     105 |   0.0 |  3546
               +---------+---------+-------+---------+---------+-------+---------
           D:1 |       0 |      44 |   0.0 |       0 |      28 |   0.0 |   699
           D:2 |       0 |      68 |   0.0 |       0 |      17 |   0.0 |   701
           D:3 |       0 |      25 |   0.0 |       0 |      12 |   0.0 |   531
           D:4 |       0 |     487 |   0.0 |       0 |       8 |   0.0 |   426
           D:5 |       0 |     494 |   0.0 |       0 |      14 |   0.0 |   611
           D:6 |       0 |    1788 |   0.0 |       0 |      25 |   0.0 |   540
           D:7 |       0 |     415 |   0.0 |       0 |       1 |   0.0 |    38
               +---------+---------+-------+---------+---------+-------+---------
